[Event "ICC tourney 3140 (40 10)"]
[Site "Internet Chess Club"]
[Date "2023.03.04"]
[Round "4"]
[White "JIN, JERRY:MysteryHunter"]
[Black "JAGAN, AASHISH:aashishjagan"]
[Result "0-1"]
[ICCResult "White checkmated"]
[WhiteElo "1595"]
[BlackElo "1423"]
[Opening "Sicilian: Kan, Polugaievsky variation"]
[ECO "B42"]
[NIC "SI.42"]
[Time "17:45:21"]
[PlyCount "118"]
[TimeControl "2400+10"]

1. e4 c5 2. Nf3 e6 3. d4 cxd4 4. Nxd4 a6 5. Bd3 Bc5 6. Nb3 Ba7 7. O-O Qc7 8.
Nc3 Nf6 9. Qe2 d6 10. Bg5 Nbd7 11. Be3 Bb8 12. f4 O-O 13. a4 e5 14. f5 d5
15. Nxd5 Nxd5 16. exd5 e4 17. Bxe4 Qxh2+ 18. Kf2 Bg3+ 19. Kf3 Qh5+ 20. Kxg3
Qxe2 21. Rf3 Qc4 22. Nd2 Qb4 23. b3 Qc3 24. Re1 Ne5 25. Rff1 Bd7 26. Rh1 f6
27. Rh4 Rad8 28. Kf2 Qc8 29. g4 b5 30. axb5 axb5 31. Reh1 h6 32. Nf1 Be8 33.
Nd2 Kh7 34. Bxh6 Nxg4+ 35. Rxg4 gxh6 36. Rgh4 h5 37. Nf3 Rg8 38. Nd4 Qc5 39.
Bf3 Rg5 40. Ke2 Bf7 41. Ne6 Qxc2+ 42. Ke1 Bxe6 43. fxe6 Qc3+ 44. Ke2 Re5+
45. Be4+ Kh6 46. R1h3 Qc2+ 47. Kf3 Qxb3+ 48. Kf4 Qc4 49. Kf3 Qc3+ 50. Kf4
Qd2+ 51. Kf3 Qd1+ 52. Kf4 Rxe4+ 53. Kxe4 Qxd5+ 54. Kf4 Qe5+ 55. Kf3 Rd3+ 56.
Kf2 Qb2+ 57. Ke1 Qc1+ 58. Ke2 Qc2+ 59. Ke1 Rd1# {White checkmated} 0-1

[Event "ICC tourney 3140 (40 10)"]
[Site "Internet Chess Club"]
[Date "2023.03.04"]
[Round "4"]
[White "Mitrabha, Guha:babysnake"]
[Black "HEBDEN, MARK L:mhebden"]
[Result "0-1"]
[ICCResult "White resigns"]
[WhiteElo "2560"]
[BlackElo "2521"]
[Opening "King's Indian: fianchetto, Yugoslav Panno"]
[ECO "E66"]
[NIC "KI.67"]
[Time "17:46:10"]
[PlyCount "146"]
[TimeControl "2400+10"]

1. d4 Nf6 2. c4 g6 3. g3 Bg7 4. Bg2 O-O 5. Nc3 d6 6. Nf3 c5 7. O-O Nc6 8. d5
Na5 9. Nd2 e6 10. Rb1 Re8 11. a3 exd5 12. cxd5 c4 13. e4 Ng4 14. Nf3 Ne5 15.
Nd4 Qb6 16. Nde2 Nb3 17. Be3 Qd8 18. h3 Bd7 19. Kh2 h5 20. Nd4 Nc5 21. f4
Ned3 22. f5 Be5 23. Nf3 Nxb2 24. Qc2 Nbd3 25. Nxe5 Rxe5 26. Qd2 gxf5 27. Bd4
Qf6 28. exf5 Bxf5 29. Bxe5 Qxe5 30. h4 Re8 31. Nb5 Bg6 32. Qh6 a6 33. Nc7
Qe3 34. Qxe3 Rxe3 35. Rb6 Re7 36. Rxd6 Rxc7 37. Rd8+ Kg7 38. d6 Rd7 39. Rxd7
Nxd7 40. Bxb7 c3 41. Bc8 N3c5 42. g4 c2 43. gxh5 Bxh5 44. Rc1 Bd1 45. Kg3
Ne5 46. Bf5 Nb3 47. Bxc2 Nxc1 48. Bxd1 Ncd3 49. Be2 Nc5 50. Kf4 Kf6 51. h5
a5 52. Ke3 Ke6 53. h6 Ng6 54. Bc4+ Kxd6 55. Bxf7 Nh8 56. Bh5 Ke5 57. h7 Nd7
58. Kd3 Kd5 59. Bf3+ Kc5 60. Be4 Ne5+ 61. Ke3 Nc4+ 62. Kf4 Kd6 63. a4 Ke6
64. Bd3 Nd6 65. Bc2 Kf6 66. Bd3 Nb7 67. Ke4 Nc5+ 68. Kd4 Nxa4 69. Kc4 Nb2+
70. Kb3 Nxd3 71. Ka4 Kg6 72. Kb3 Nc5+ 73. Ka3 Kxh7 {White resigns} 0-1

[Event "ICC tourney 3140 (40 10)"]
[Site "Internet Chess Club"]
[Date "2023.03.04"]
[Round "4"]
[White "WU, JAYDEN:SparkyNinja"]
[Black "QI, JENNY:eevee11"]
[Result "1-0"]
[ICCResult "Black checkmated"]
[WhiteElo "1742"]
[BlackElo "1630"]
[Opening "Sicilian: closed"]
[ECO "B23"]
[NIC "SI.44"]
[Time "17:45:16"]
[PlyCount "123"]
[TimeControl "2400+10"]

1. e4 c5 2. Nc3 d6 3. Nge2 Nf6 4. g3 Nc6 5. Bg2 e5 6. O-O Be7 7. d3 O-O 8.
f4 a6 9. f5 b5 10. Bg5 Bb7 11. Nd5 Nxd5 12. exd5 Nd4 13. Bxe7 Nxe2+ 14. Qxe2
Qxe7 15. f6 Qd7 16. Qh5 Bc8 17. h3 h6 18. g4 Kh7 19. g5 Rh8 20. fxg7 Kxg7
21. Rf6 hxg5 22. Qxg5+ Kf8 23. Raf1 Rh7 24. Rg6 Rh8 25. Rg7 Qe7 26. Qg6 Ra7
27. Rgxf7+ Qxf7 28. Qxd6+ Re7 29. Rxf7+ Kxf7 30. Qxc5 Bxh3 31. d6 Rd7 32.
Bxh3 Rxh3 33. Qxe5 Rh7 34. c4 b4 35. c5 Kf8 36. c6 Rdg7+ 37. Kf2 Rf7+ 38.
Ke2 Re7 39. Qxe7+ Rxe7+ 40. dxe7+ Kxe7 41. d4 Kd6 42. d5 a5 43. Kd3 Kc7 44.
Kc4 Kd6 45. Kb5 Kc7 46. Kxa5 b3 47. axb3 Kc8 48. Kb6 Kb8 49. d6 Kc8 50. c7
Kd7 51. Kb7 Kxd6 52. c8=Q Ke7 53. Qc6 Kf7 54. Qd6 Kg7 55. Qe6 Kh7 56. Qf6
Kg8 57. Qe7 Kh8 58. Kc6 Kg8 59. Kd6 Kh8 60. Ke6 Kg8 61. Kf6 Kh8 62. Qg7#
{Black checkmated}
1-0

[Event "ICC tourney 3140 (40 10)"]
[Site "Internet Chess Club"]
[Date "2023.03.04"]
[Round "4"]
[White "Feng, Jay:TheDeadlyPawn"]
[Black "Segich, Joseph:Kalimer123"]
[Result "1-0"]
[ICCResult "Black checkmated"]
[WhiteElo "1647"]
[BlackElo "1423"]
[Opening "Alekhine's defense: exchange variation"]
[ECO "B03"]
[NIC "AL.08"]
[Time "17:45:17"]
[PlyCount "123"]
[TimeControl "2400+10"]

1. e4 Nf6 2. e5 Nd5 3. d4 d6 4. c4 Nb6 5. exd6 exd6 6. Bd3 Qf6 7. Be3 Be6 8.
Ne2 Bg4 9. O-O N8d7 10. Nbc3 Qd8 11. f3 Bh5 12. Qe1 Be7 13. Qf2 Bg6 14. Bxg6
hxg6 15. b3 O-O 16. Rad1 c6 17. Rfe1 Bf6 18. Ne4 d5 19. Nxf6+ Nxf6 20. c5
Nbd7 21. Nc1 Re8 22. Qd2 b6 23. b4 b5 24. Nb3 Re6 25. Bf4 Nf8 26. Bd6 Qd7
27. Rxe6 Nxe6 28. Re1 Ne8 29. Bg3 Nf6 30. Re2 Re8 31. Qe1 Ra8 32. Be5 Ne8
33. h3 Rc8 34. g4 Qd8 35. Kg2 Kf8 36. Bg3 Qf6 37. Qd2 Ng5 38. Rf2 Ne6 39. f4
Kg8 40. h4 N8c7 41. f5 gxf5 42. Rxf5 Qe7 43. Qf2 Nf8 44. Bd6 Qe4+ 45. Kg3
Re8 46. Rxf7 Qe3+ 47. Rf3 Qxf2+ 48. Kxf2 Nfe6 49. Re3 Kf7 50. Be5 Rh8 51.
Kg3 Nd8 52. Bxc7 Ne6 53. Be5 Rc8 54. Na5 Kg6 55. Rf3 a6 56. Nb7 Nf8 57. h5+
Kh7 58. Rf7 Ne6 59. Re7 Nf8 60. Rxg7+ Kh6 61. Nd6 Ne6 62. Nf5#
{Black checkmated}
1-0

[Event "ICC tourney 3140 (40 10)"]
[Site "Internet Chess Club"]
[Date "2023.03.04"]
[Round "4"]
[White "YUAN, SERENA:doudou2011"]
[Black "POLYAKIN, VLADIMIR:IAlwaysWin"]
[Result "1-0"]
[ICCResult "Black forfeits on time"]
[WhiteElo "1639"]
[BlackElo "1840"]
[Opening "Queen's pawn game, Darooha variation "]
[ECO "D02"]
[NIC "QP.08"]
[Time "17:45:23"]
[PlyCount "93"]
[TimeControl "2400+10"]

1. d4 d5 2. Nf3 Nf6 3. c4 e6 4. g3 Bb4+ 5. Bd2 Bd6 6. Bg2 O-O 7. O-O c6 8.
Qc2 Nbd7 9. Rd1 Qe7 10. Bg5 h6 11. Bxf6 Qxf6 12. Nbd2 Qe7 13. e4 dxe4 14.
Nxe4 Bc7 15. Nc3 Nb6 16. b3 Rd8 17. Re1 Qf8 18. Rad1 Bd7 19. Ne4 Be8 20. Nc5
Rab8 21. b4 Nd7 22. Nxd7 Rxd7 23. a3 Rbd8 24. c5 g6 25. a4 a6 26. Qc4 Qg7
27. Qb3 Kf8 28. Bf1 Qf6 29. Bc4 g5 30. h3 h5 31. Qe3 Kg7 32. Nxg5 Rxd4 33.
Rxd4 Qxd4 34. Bxe6 Qxe3 35. Rxe3 f6 36. Nf3 Rd1+ 37. Kg2 Bd7 38. Bb3 Rb1 39.
Re7+ Kf8 40. Rxd7 Rxb3 41. Rxc7 Rxb4 42. Nd2 Rd4 43. Nb3 Rb4 44. Na5 Rxa4
45. Nxb7 Rb4 46. Nd6 a5 47. Rxc6 {Black forfeits on time} 1-0

[Event "ICC tourney 3140 (40 10)"]
[Site "Internet Chess Club"]
[Date "2023.03.04"]
[Round "4"]
[White "OPASKA, MICHAEL:mopaska1106"]
[Black "CHINNI, RISHABH:alphachesplayer"]
[Result "1-0"]
[ICCResult "Black resigns"]
[WhiteElo "1838"]
[BlackElo "1650"]
[Opening "Nimzo-Indian: 4.e3, main line with ...c5"]
[ECO "E53"]
[NIC "NI.07"]
[Time "17:46:10"]
[PlyCount "162"]
[TimeControl "2400+10"]

1. d4 Nf6 2. c4 e6 3. Nc3 Bb4 4. e3 O-O 5. Bd3 c5 6. Nf3 d5 7. cxd5 exd5 8.
O-O c4 9. Bc2 Nc6 10. h3 Re8 11. Ne2 Bd6 12. b3 b5 13. a3 Bd7 14. Bb2 a5 15.
bxc4 dxc4 16. d5 Ne5 17. Nfd4 Nxd5 18. Nf5 Bxf5 19. Bxf5 Nf6 20. Bd4 Nc6 21.
Qc2 Qe7 22. Bxf6 Qxf6 23. Bxh7+ Kh8 24. Be4 Rac8 25. g3 Ne7 26. Nd4 b4 27.
axb4 axb4 28. Ra6 Qe5 29. Bg2 Qc5 30. Rfa1 b3 31. Qb1 Rb8 32. R1a5 Qb4 33.
Rh5+ Kg8 34. Qh7+ Kf8 35. Rg5 Ng6 36. Rxg6 fxg6 37. Bd5 Rb6 38. Qg8+ Ke7 39.
Ra7+ Bc7 40. Qf7+ Kd6 41. Rxc7 Qa4 42. Rxc4 Qd7 43. Qxg6+ Kxd5 44. Qxb6 Kxc4
45. Qxb3+ Kc5 46. Qc3+ Kd5 47. Qa5+ Ke4 48. Kg2 Rh8 49. h4 Qd5 50. Qxd5+
Kxd5 51. Nf3 Ke4 52. Ng5+ Kf5 53. e4+ Kg6 54. f3 Re8 55. f4 Kf6 56. e5+ Kf5
57. Kf3 Ra8 58. g4+ Kg6 59. h5+ Kh6 60. Kg3 Ra3+ 61. Nf3 g6 62. hxg6 Kxg6
63. f5+ Kf7 64. Kf4 Ra4+ 65. Kg5 Re4 66. e6+ Kg7 67. Nh4 Re5 68. Ng6 Ra5 69.
Ne7 Rc5 70. Ng6 Ra5 71. Nf4 Rb5 72. Nh5+ Kf8 73. Kf6 Rb7 74. g5 Rh7 75. Nf4
Rf7+ 76. Ke5 Ra7 77. f6 Ra5+ 78. Nd5 Kg8 79. g6 Ra7 80. e7 Ra8 81. f7+ Kg7
{Black resigns}
1-0

[Event "ICC tourney 3140 (40 10)"]
[Site "Internet Chess Club"]
[Date "2023.03.04"]
[Round "5"]
[White "MARKOVIC, GORAN:Goran21"]
[Black "QUIRKE, JEFFREY L:PawnEatingZombi"]
[Result "0-1"]
[ICCResult "White resigns"]
[WhiteElo "1930"]
[BlackElo "2040"]
[Opening "Ruy Lopez: exchange, Gligoric variation"]
[ECO "C69"]
[NIC "RL.08"]
[Time "20:00:38"]
[PlyCount "58"]
[TimeControl "2400+10"]

1. e4 e5 2. Nf3 Nc6 3. Bb5 a6 4. Bxc6 dxc6 5. O-O f6 6. d4 exd4 7. Nxd4 c5
8. Nb3 Qxd1 9. Rxd1 g5 10. Nc3 h6 11. Be3 b6 12. Nd5 Rh7 13. c4 Be6 14. Rd2
O-O-O 15. Rad1 Rhd7 16. f3 Bd6 17. g3 Kb7 18. Bf2 a5 19. Nc1 Be5 20. Nd3 Bd4
21. Ne3 c6 22. g4 Ne7 23. Nf5 Nxf5 24. gxf5 Bxc4 25. Kg2 Kc8 26. Nc1 Bxb2
27. Rxd7 Rxd7 28. Rh1 Rd2 29. f4 Bd4 {White resigns} 0-1

[Event "ICC tourney 3140 (40 10)"]
[Site "Internet Chess Club"]
[Date "2023.03.04"]
[Round "5"]
[White "POLYAKIN, VLADIMIR:IAlwaysWin"]
[Black "JAGAN, AASHISH:aashishjagan"]
[Result "1-0"]
[ICCResult "Black resigns"]
[WhiteElo "1840"]
[BlackElo "1423"]
[Opening "English: symmetrical variation"]
[ECO "A30"]
[NIC "EO.64"]
[Time "20:00:31"]
[PlyCount "48"]
[TimeControl "2400+10"]

1. c4 c5 2. g3 Nf6 3. Bg2 Nc6 4. Nc3 e6 5. a3 d5 6. cxd5 exd5 7. Nh3 Bd6 8.
d3 O-O 9. Nf4 d4 10. Ne4 Nxe4 11. Bxe4 Bxf4 12. Bxf4 Bh3 13. Rc1 Qe7 14. Qc2
g5 15. Bd2 f5 16. Bxc6 Rae8 17. Bxe8 Rxe8 18. e3 dxe3 19. fxe3 f4 20. gxf4
g4 21. Qxc5 Qh4+ 22. Kd1 Qf2 23. Qg5+ Kf7 24. Rc7+ Kf8 {Black resigns} 1-0

[Event "ICC tourney 3140 (40 10)"]
[Site "Internet Chess Club"]
[Date "2023.03.04"]
[Round "5"]
[White "HEBDEN, MARK L:mhebden"]
[Black "KONA, VIDIP KUMAR:Vidipkona"]
[Result "1-0"]
[ICCResult "Black resigns"]
[WhiteElo "2521"]
[BlackElo "1874"]
[Opening "Old Benoni defense"]
[ECO "A46"]
[NIC "QP.06"]
[Time "20:00:09"]
[PlyCount "81"]
[TimeControl "2400+10"]

1. Nf3 Nf6 2. d4 c5 3. d5 e6 4. Nc3 exd5 5. Nxd5 Nxd5 6. Qxd5 d6 7. e4 Nc6
8. Bc4 Be6 9. Qd3 Bxc4 10. Qxc4 Be7 11. O-O O-O 12. c3 Qc7 13. Bf4 a6 14.
Qxc5 dxc5 15. Bxc7 Rac8 16. Bg3 Rfd8 17. Rfd1 f6 18. Kf1 Kf7 19. Rd5 Na5 20.
b3 b5 21. Rad1 Ke8 22. h4 Rxd5 23. Rxd5 Nc6 24. h5 c4 25. bxc4 bxc4 26. Nd2
Na7 27. a4 Ba3 28. f3 Bb2 29. Bf2 Rc7 30. Bb6 Re7 31. Nxc4 Bxc3 32. Nd6+ Kf8
33. Nf5 Nc6 34. Nxe7 Nxe7 35. Bc5 Ke8 36. Bxe7 Kxe7 37. Ke2 g6 38. Kd3 Be5
39. hxg6 hxg6 40. Ra5 g5 41. Rxa6 {Black resigns} 1-0

[Event "ICC tourney 3140 (40 10)"]
[Site "Internet Chess Club"]
[Date "2023.03.04"]
[Round "5"]
[White "YAN, RUIYANG:jy2020"]
[Black "YUAN, SERENA:doudou2011"]
[Result "1-0"]
[ICCResult "Black resigns"]
[WhiteElo "2195"]
[BlackElo "1639"]
[Opening "Sicilian: Pelikan (Lasker/Sveshnikov) variation"]
[ECO "B33"]
[NIC "SI.35"]
[Time "20:00:18"]
[PlyCount "71"]
[TimeControl "2400+10"]

1. e4 c5 2. Nf3 Nc6 3. d4 cxd4 4. Nxd4 Nf6 5. Nc3 e5 6. Ndb5 d6 7. Nd5 Nxd5
8. exd5 Nb8 9. a4 Nd7 10. Be2 a6 11. Na3 Be7 12. O-O O-O 13. Nc4 f5 14. f4
e4 15. a5 b5 16. axb6 Nxb6 17. Na5 Qc7 18. Be3 Bb7 19. c4 Nd7 20. b4 Bf6 21.
Rc1 Rac8 22. Qd2 Be7 23. Rfd1 Qb8 24. c5 dxc5 25. d6 Bd8 26. Nxb7 Qxb7 27.
bxc5 Bf6 28. Bc4+ Kh8 29. Bd5 Qb2 30. c6 Qxd2 31. Rxd2 Rfe8 32. Rdc2 Red8
33. cxd7 Rxc2 34. Rxc2 Rxd7 35. Rc8+ Rd8 36. d7 {Black resigns} 1-0

[Event "ICC tourney 3140 (40 10)"]
[Site "Internet Chess Club"]
[Date "2023.03.04"]
[Round "5"]
[White "ZHAO, DANSON:K01-30127679"]
[Black "OPASKA, MICHAEL:mopaska1106"]
[Result "0-1"]
[ICCResult "White resigns"]
[WhiteElo "1502"]
[BlackElo "1838"]
[Opening "Caro-Kann: exchange variation"]
[ECO "B13"]
[NIC "CK.02"]
[Time "20:01:03"]
[PlyCount "100"]
[TimeControl "2400+10"]

1. e4 c6 2. d4 d5 3. exd5 cxd5 4. Bd3 Nc6 5. Bf4 Nf6 6. Nf3 Bg4 7. c3 e6 8.
Nbd2 Bd6 9. Bg3 O-O 10. O-O Qc7 11. Bxd6 Qxd6 12. h3 Bxf3 13. Nxf3 g6 14.
Re1 Nh5 15. Bf1 a6 16. a4 Rab8 17. a5 Qc7 18. Qa4 Ng7 19. b4 Nf5 20. Bd3 Nd6
21. Qb3 Rbc8 22. Rac1 Qb8 23. Ra1 Qa7 24. Kf1 Rc7 25. Rec1 Rfc8 26. Qb2 Nb8
27. Qd2 Nd7 28. Qf4 Nc4 29. Ng5 Nf8 30. h4 h6 31. Nf3 Kg7 32. Kg1 Nb2 33.
Qd2 Nxd3 34. Qxd3 Nd7 35. Kf1 Qb8 36. Kg1 Rc4 37. Nd2 R4c6 38. Nf3 Qf4 39.
Rc2 Nf6 40. g3 Qe4 41. Rd1 Qxd3 42. Rxd3 Ne4 43. Ne5 Rxc3 44. Rcxc3 Rxc3 45.
Rxc3 Nxc3 46. Nd7 Ne2+ 47. Kf1 Nxd4 48. Nc5 Nc6 49. Nxb7 Nxb4 50. Nc5 Kf8
{White resigns}
0-1

[Event "ICC tourney 3140 (40 10)"]
[Site "Internet Chess Club"]
[Date "2023.03.04"]
[Round "5"]
[White "QI, JENNY:eevee11"]
[Black "CHINNI, RISHABH:alphachesplayer"]
[Result "0-1"]
[ICCResult "White checkmated"]
[WhiteElo "1630"]
[BlackElo "1650"]
[Opening "Ruy Lopez: Marshall counter-attack, 11...c6"]
[ECO "C89"]
[NIC "RL.17"]
[Time "20:00:10"]
[PlyCount "138"]
[TimeControl "2400+10"]

1. e4 e5 2. Nf3 Nc6 3. Bb5 a6 4. Ba4 Nf6 5. O-O Be7 6. Re1 b5 7. Bb3 O-O 8.
c3 d5 9. exd5 Nxd5 10. Nxe5 Nxe5 11. Rxe5 c6 12. d3 Bd6 13. Re1 Bf5 14. Qf3
Qh4 15. g3 Qh3 16. Nd2 Rae8 17. Rxe8 Rxe8 18. Ne4 Bg4 19. Qg2 f5 20. Bxd5+
cxd5 21. Nd2 Re1+ 22. Nf1 Qxg2+ 23. Kxg2 Be2 24. Nd2 Bxd3 25. b4 Be5 26. Nb3
Bxc3 27. Bb2 Be4+ 28. Kh3 Rxa1 29. Bxa1 Bxb4 30. Bd4 Kf7 31. Nc5 Bxc5 32.
Bxc5 Bf3 33. Be3 h6 34. g4 Bxg4+ 35. Kg3 Be2 36. a3 Ke6 37. Bd4 g5 38. Bg7
f4+ 39. Kg2 h5 40. Bh6 Kf5 41. f3 g4 42. fxg4+ hxg4 43. Kf2 Bc4 44. Bg7 Ke4
45. Bc3 d4 46. Bd2 f3 47. Bb4 Kd3 48. Ba5 Kc2 49. Ke1 d3 50. Bb4 d2+ 51.
Bxd2 f2+ 52. Kxf2 Kxd2 53. Kg3 Be2 54. Kf2 Bf3 55. Kg3 Kc3 56. Kf4 Kb3 57.
Ke3 Kxa3 58. Kd2 Kb2 59. Kd3 a5 60. Kd4 a4 61. Kc5 a3 62. Kb4 a2 63. Kxb5
a1=Q 64. Kb6 Qa4 65. Kc7 Qc6+ 66. Kd8 Qd6+ 67. Kc8 Bc6 68. h3 Qd7+ 69. Kb8
Qb7# {White checkmated} 0-1

[Event "ICC tourney 3140 (40 10)"]
[Site "Internet Chess Club"]
[Date "2023.03.04"]
[Round "5"]
[White "SHERNOFF, LEON:LeonShernoff"]
[Black "WU, JAYDEN:SparkyNinja"]
[Result "1/2-1/2"]
[ICCResult "Game drawn by mutual agreement"]
[WhiteElo "1905"]
[BlackElo "1742"]
[Opening "English: Neo-Catalan declined"]
[ECO "A14"]
[NIC "RE.09"]
[Time "20:00:59"]
[PlyCount "74"]
[TimeControl "2400+10"]

1. c4 Nf6 2. g3 e6 3. Bg2 d5 4. Nf3 Be7 5. O-O O-O 6. b3 c5 7. cxd5 Nxd5 8.
Bb2 Nc6 9. Nc3 Nxc3 10. Bxc3 Bf6 11. Rc1 e5 12. d3 Be6 13. Qc2 Rc8 14. Qb2
Nd4 15. Bxd4 exd4 16. Nd2 Bd5 17. Ne4 Bxe4 18. Bxe4 b6 19. Qa3 Qe7 20. Qa6
Rc7 21. Rc2 Be5 22. a4 Kh8 23. Ra1 f5 24. Bf3 Rf6 25. Qb5 Qd7 26. Qxd7 Rxd7
27. b4 Bd6 28. b5 g6 29. a5 Bc7 30. Bc6 Re7 31. axb6 Bxb6 32. Kf1 Kg7 33.
Rac1 Rfe6 34. Bf3 Re5 35. Ra1 Kf6 36. Raa2 Ke6 37. Rab2 Kd6
{Game drawn by mutual agreement}
1/2-1/2

[Event "ICC tourney 3140 (40 10)"]
[Site "Internet Chess Club"]
[Date "2023.03.04"]
[Round "5"]
[White "Segich, Joseph:Kalimer123"]
[Black "JIN, JERRY:MysteryHunter"]
[Result "0-1"]
[ICCResult "White resigns"]
[WhiteElo "1423"]
[BlackElo "1595"]
[Opening "Sicilian: Grand Prix attack"]
[ECO "B21"]
[NIC "SI.48"]
[Time "20:00:10"]
[PlyCount "122"]
[TimeControl "2400+10"]

1. e4 c5 2. f4 d6 3. Nf3 g6 4. d4 cxd4 5. Qxd4 Nf6 6. e5 dxe5 7. Qxd8+ Kxd8
8. Nxe5 Be6 9. Be2 Nc6 10. Nxc6+ bxc6 11. Bf3 Bd5 12. O-O Kc7 13. Be3 Bg7
14. Bd4 Rhd8 15. Be5+ Kb7 16. Nc3 Bxf3 17. Rxf3 Ne8 18. Ne4 e6 19. Nc5+ Kc8
20. Nd3 f6 21. Bc3 Nc7 22. Ba5 Rd5 23. Bxc7 Kxc7 24. Re1 Re8 25. Re4 f5 26.
Rc4 e5 27. fxe5 Bxe5 28. Kf1 Bd4 29. Nb4 Rd6 30. Rd3 Bxb2 31. Rxd6 Kxd6 32.
Rxc6+ Kd7 33. Ra6 Ra8 34. Nd5 Bd4 35. c3 Bc5 36. h3 Rb8 37. Nb4 Bxb4 38.
cxb4 Rxb4 39. Rxa7+ Ke6 40. a3 Rb1+ 41. Kf2 Ra1 42. a4 h6 43. Ra6+ Kf7 44.
a5 g5 45. Ra8 Kg7 46. a6 h5 47. a7 h4 48. Ke3 Ra4 49. Kf3 g4+ 50. hxg4 fxg4+
51. Kf2 Ra2+ 52. Ke3 h3 53. gxh3 gxh3 54. Rc8 Rxa7 55. Rc2 Kg6 56. Rh2 Kg5
57. Kf3 Ra3+ 58. Kf2 Kg4 59. Rh1 Ra2+ 60. Kg1 Kg3 61. Kf1 Ra1+ {White
resigns} 0-1

[Event "ICC tourney 3140 (40 10)"]
[Site "Internet Chess Club"]
[Date "2023.03.04"]
[Round "5"]
[White "IVANOV, ALEXANDER:marble"]
[Black "Volkov, Sergey:Volkov"]
[Result "0-1"]
[ICCResult "White forfeits on time"]
[WhiteElo "2340"]
[BlackElo "2522"]
[Opening "French: Tarrasch, open variation"]
[ECO "C07"]
[NIC "FR.19"]
[Time "20:00:22"]
[PlyCount "98"]
[TimeControl "2400+10"]

1. e4 e6 2. d4 d5 3. Nd2 c5 4. exd5 Qxd5 5. dxc5 Bxc5 6. Ngf3 Nf6 7. Bc4 Qc6
8. Qe2 Nbd7 9. Nb3 Bb6 10. a4 Qe4 11. a5 Qxe2+ 12. Kxe2 Bc7 13. Rd1 O-O 14.
Bd2 Re8 15. a6 h6 16. Bb5 bxa6 17. Bxa6 Bb6 18. Nfd4 Bxa6+ 19. Rxa6 Rec8 20.
c3 Rab8 21. Bc1 Ne5 22. Na5 Nd5 23. f4 Bxa5 24. fxe5 Bxc3 25. bxc3 Nxc3+ 26.
Ke1 Nxd1 27. Kxd1 Rb1 28. Ne2 Rc5 29. Rxa7 Rxe5 30. Nc3 Rb8 31. Rd7 g5 32.
Rd3 Kh7 33. h4 Kg6 34. hxg5 hxg5 35. Kc2 Rh8 36. Rg3 f6 37. Be3 Rd8 38. Bb6
Rd7 39. Be3 Ra5 40. Rg4 Ra1 41. Re4 Rd6 42. Rc4 Rh1 43. g4 Rh2+ 44. Kb3 Rg2
45. Bc5 Rd8 46. Rb4 Rg3 47. Re4 Rdd3 48. Bb4 Rde3 49. Rd4 Rg2
{White forfeits on time}
0-1